 Dungeon Crawl Stone Soup version 0.31-a0-95-g6fa058ef04 (webtiles) character file.

Game seed: 784319613380877037

53 ytrimaz the Cudgeller (level 3, -5/39 HPs)
             Began as an Ogre Berserker on May 25, 2023.
             Was a Follower of Trog.
             Killed from afar by Sigmund (12 damage)
             ... with a bolt of light
             ... on level 2 of the Dungeon.
             The game lasted 00:01:52 (1382 turns).

ytrimaz the Cudgeller (Ogre Berserker)              Turns: 1382, Time: 00:01:53

Health: -5/39      AC:  3    Str: 23    XL:     3   Next: 89%
Magic:  3/3        EV: 10    Int:  8    God:    Trog [*.....]
Gold:   21         SH:  0    Dex:  8    Spells: 2/2 levels left

rFire   + . .        a - +0 mace
rCold   + . .        (no shield)
rNeg    . . .        b - +0 animal skin
rPois   +            (helmet restricted)
rElec   +            (no cloak)
rCorr   +            (gloves unavailable)
SInv    .            (boots unavailable)
Will    .....        (no amulet)
Stlth   +            (no ring)
HPRegen 0.26/turn    (no ring)
MPRegen 0.08/turn

%: no passive effects
@: resistant, on berserk cooldown, slowed, very slow
A: large, unfitting armour, tough skin 1
a: Renounce Religion, Berserk


You were on level 2 of the Dungeon.
You worshipped Trog.
Trog was aware of your devotion.
You visited 1 branch of the dungeon, and saw 2 of its levels.

You collected 21 gold pieces.


Innate Abilities, Weirdness & Mutations

You are too large for most types of armour.
You have tough skin. (AC +1)


   Skills:
 - Level 4.0 Fighting
 + Level 4.2 Maces & Flails
 - Level 2.6 Dodging


You had 2 spell levels left.
You didn't know any spells.
Your spell library was empty.

Inventory:

Hand Weapons
 a - a +0 mace (weapon)
Armour
 b - a +0 animal skin (worn)
Jewellery
 i - a +6 ring of strength
   (You found it on level 1 of the Dungeon)
Scrolls
 d - 2 scrolls of teleportation {unknown}
 g - 2 scrolls of identify {unknown}
 j - a scroll of torment {unknown}
Potions
 c - a potion of degeneration {unknown}
 e - a potion of cancellation {unknown}
 h - a potion of heal wounds

Dungeon Overview and Level Annotations

Branches:
Dungeon (2/15) Zot: 10586

Altars:

Annotations:
D:2 Sigmund

######
##.....#############
#.....@@...##......#
##.....###'##......#
#
#.....#...........#
###
#######...........#
#.# #.............
#.# #.............
..# #.....####....
#### #.....# ....
...# #.....# ...


You could see Sigmund.


Message History

An adder is nearby!
The adder bites you but does no damage. 😎 HP[+1]
Your hp is fully restored (39).
You hit the adder but do no damage. The adder bites you but does no damage.
The adder closely misses you.
You barely miss the adder. The adder bites you. 😕 HP[-1]
You take 1 damage, and now have 38/39 hp.
You barely miss the adder. The adder bites you. x2
You are poisoned.
The adder poisons you! 😕 HP[-2]
You take 2 damage, and now have 36/39 hp.
You miss the adder.
You feel sick. The adder bites you but does no damage. The adder bites you.
You are more poisoned.
The adder poisons you! 😕 HP[-3]
You take 3 damage, and now have 33/39 hp.
You miss the adder.
You feel sick. The adder closely misses you. 😕 HP[-2]
You take 2 damage, and now have 31/39 hp.
You hit the adder.
You feel sick.
The adder barely misses you. x2 😕 HP[-1]
You take 1 damage, and now have 30/39 hp.
You thump the adder!
You kill the adder!
Trog accepts your kill.
You feel sick. 😮 HP[-1]
You take 1 damage, and now have 29/39 hp.
You feel sick. 😮 HP[-1]
You take 1 damage, and now have 28/39 hp.
You feel sick. 😮 HP[-1]
You take 1 damage, and now have 27/39 hp.
You feel sick.
You feel sick.
You are no longer poisoned.
d - 2 scrolls labelled CEJOYF GASUQU (gained 1)
You open the door.
There is an open door here.
You open the door.
Sigmund the Dreaded comes into view.
He is wielding a +3 scythe and carrying a wand of light (11).
Sigmund shouts! 😎 HP[+12]
Your hp is fully restored (39).
Okay, then.
Okay, then.
You close the door.
It was a potion of resistance.
You feel protected.
Sigmund breaks down the door.
A red film seems to cover your vision as you go berserk!
You feel yourself moving faster!
You feel mighty!
Sigmund zaps a wand.
The bolt of light hits you!
You are confused. 😕 HP[+9]
You now have 58 max hp (+19).
You regained 9 hp, and now have 48/58 hp.
You feel a strong urge to attack something.
Sigmund is suddenly surrounded by pale green light.
Sigmund barely misses you.
There is a broken door here.
You bump into the rock wall.
Unknown command.
You bump into the rock wall.
You feel your anger nearly subside. Sigmund casts a spell at you.
You are more confused. 😕 HP[+1]
You bump into the rock wall.
You are no longer berserk.
You are exhausted.
You feel yourself slow down.
Sigmund is suddenly surrounded by pale blue light.
Sigmund closely misses you. 😕 HP[-16]
You now have 39 max hp (-19).
You bump into the rock wall.
Sigmund hits you with a +3 scythe! 😮 HP[-12]
You take 12 damage, and now have 21/39 hp.
MASSIVE DAMAGE!! (PAUSE)
You bump into the rock wall.
Sigmund hits you with a +3 scythe!
* * * LOW HITPOINT WARNING * * *
😨 HP[-11]
You take 11 damage, and now have 10/39 hp.
MASSIVE DAMAGE!! (PAUSE)
You bump into the rock wall.
Sigmund hits you with a +3 scythe.
* * * LOW HITPOINT WARNING * * *
😱 HP[-3]
You take 3 damage, and now have 7/39 hp.
You bump into the rock wall.
You feel less confused.
Sigmund zaps a wand.
The bolt of light hits you!
You die...

Skill      XL: |  1  2  3 |
---------------+----------+-----
Maces & Flails | 3 4 |  4.2
Fighting       | |  4.0
Dodging        | |  2.6

Action                     || total
---------------------------++-------
  Melee: Mace              ||   137
 Invoke: Berserk           ||     1
    Use: Potion            ||     2
 Armour: Animal skin       ||    47
  Dodge: Dodged            ||   106

Levels and vault maps discovered:
D:1:      minmay_arrival_shattered_statue, layout_basic, serial_curves,
          eino_curves_02, eino_curves_02
D:2:      layout_basic, dreamdust_ecumenical_altar_hidden_monk_grotto,
          uniq_terence, uniq_sigmund

Notes
Turn   | Place    | Note
-------+----------+-------------------------------------------
     0 | D:1      | ytrimaz the Ogre Berserker began the quest for the Orb.
     0 | D:1      | Reached XP level 1. HP: 24/24 MP: 1/1
     0 | D:1      | magus.rc [v1.9.6]
   120 | D:1      | Reached skill level 3 in Maces & Flails
   234 | D:1      | Reached XP level 2. HP: 21/32 MP: 2/2
   551 | D:1      | Reached XP level 3. HP: 14/39 MP: 3/3
   553 | D:1      | HP: 7/39 [jackal (3)]
   554 | D:1      | HP: 1/39 [quokka (3)]
  1130 | D:2      | Reached skill level 4 in Maces & Flails
  1371 | D:2      | Noticed Sigmund
  1381 | D:2      | HP: 7/39 [Sigmund/+3 scythe (3)]
  1382 | D:2      | Killed from afar by Sigmund

Vanquished Creatures
  An adder (D:2)
  2 ball pythons (D:1)
  2 endoplasms (D:1)
  3 giant cockroaches
  3 goblins
  3 hobgoblins
  11 jackals
  4 quokkas (D:1)
  A bat (D:1)
  A frilled lizard (D:1)
  4 kobolds
  2 rats
37 creatures vanquished.

Table legend:
 A = Non-vault XP
 B = Vault XP
 C = Vault XP percentage of total XP
 D = Non-vault monster count
 E = Vault monster count
 F = Vault count percentage of total count
                 A         B        C        D         E       F
            +---------+---------+-------+---------+---------+-------
      Total |      77 |       0 |   0.0 |      37 |       0 |   0.0
            +---------+---------+-------+---------+---------+-------
        D:1 |      44 |       0 |   0.0 |      25 |       0 |   0.0
        D:2 |      33 |       0 |   0.0 |      12 |       0 |   0.0
            +---------+---------+-------+---------+---------+-------

Skill      XL: |  1  2  3 |
---------------+----------+-----
Maces & Flails | 3 4 |  4.2
Fighting       | |  4.0
Dodging        | |  2.6

Action                     || total
---------------------------++-------
  Melee: Mace              ||   137
 Invoke: Berserk           ||     1
    Use: Potion            ||     2
 Armour: Animal skin       ||    47
  Dodge: Dodged            ||   106

Illustrated notes

Table legend:
 A = Kills in this place as a percentage of kills in the entire game.
 B = Kills by you in this place as a percentage of kills by you in the entire game.
 C = Kills by friends in this place as a percentage of kills by friends in the entire game.
 D = Other kills in this place as a percentage of other kills in the entire game.
 E = Experience gained in this place as a percentage of experience gained in the entire game.
 F = Experience gained in this place divided by the number of levels of this place that you have seen.
                   A       B       C       D       E      F
               +-------+-------+-------+-------+-------+----------------------
         Total | 100.0 | 100.0 |   N/A |   N/A | 100.0 |  38.5
       Dungeon | 100.0 | 100.0 |   N/A |   N/A | 100.0 |  38.5
               +-------+-------+-------+-------+-------+----------------------

Table legend: (Time is in decaauts)
 A = Elapsed time spent in this place.
 B = Non-inter-level travel time spent in this place.
 C = Inter-level travel time spent in this place.
 D = Time resting spent in this place.
 E = Time spent auto-exploring this place.
 F = Levels seen in this place.
 G = Mean time per level.
                   A        B        C        D        E       F      G
               +--------+--------+--------+--------+--------+-----+--------+
         Total |   1412 |   1388 |     24 |      0 |   1079 |   2 |  706.0 |
       Dungeon |   1412 |   1388 |     24 |      0 |   1079 |   2 |  706.0 |
               +--------+--------+--------+--------+--------+-----+--------+

Top non-repeatable levels by time:
     D:1: 1105 daAuts
     D:2: 306 daAuts
